 Dungeon Crawl Stone Soup version 0.29.1-12-g30fa7ad0bf (webtiles) character file.

Game seed: 9709841230459956562

88 wingedge the Digger (level 4, 0/34 HPs)
             Began as a Demonspawn Earth Elementalist on Dec 31, 2022.
             Was a Believer of Vehumet.
             Slain by an iguana (2 damage)
             ... on level 4 of the Dungeon on Jan 1, 2023.
             The game lasted 00:06:00 (3355 turns).

wingedge the Digger (Demonspawn Earth Elementalist) Turns: 3355, Time: 00:06:01

Health: 0/34       AC:  4    Str:  8    XL:     4   Next: 29%
Magic:  5/7        EV: 11    Int: 19    God:    Vehumet [**....]
Gold:   274        SH:  3    Dex: 13    Spells: 6/7 levels left

rFire   . . .      SeeInvis .   h - +0 mace
rCold   . . .      Faith    .   s - +0 buckler
rNeg    . . .      Spirit   .   a - +0 robe
rPois   .          Reflect  .   (no helmet)
rElec   .          Harm     .   p - +0 cloak
rCorr   .          Rampage  .   c - +0 pair of gloves
Will    .....                   (no boots)
Stlth   ++........              (no amulet)
HPRegen 0.11/turn               (no ring)
MPRegen 0.10/turn               (no ring)

@: no status effects
A: powered by death 2
a: Renounce Religion


You were on level 4 of the Dungeon.
You worshipped Vehumet.
Vehumet was pleased with you.
You visited 1 branch of the dungeon, and saw 4 of its levels.

You collected 274 gold pieces.

Inventory:

Hand Weapons
 h - a +0 mace (weapon)
 r - a +0 trident
Armour
 a - a +0 robe (worn)
 c - a +0 pair of gloves (worn)
 p - a +0 cloak (worn)
 s - a +0 buckler (worn)
Scrolls
 f - a scroll of enchant weapon {unknown}
 j - 2 scrolls of identify {unknown}
 k - 2 scrolls of fear {unknown}
 l - a scroll of vulnerability {unknown}
 m - 2 scrolls of teleportation {unknown}
 n - a scroll of amnesia {unknown}
 q - a scroll of magic mapping {unknown}
 w - a scroll of summoning {unknown}
 y - a scroll of poison {unknown}
Potions
 b - a potion of magic
 d - a potion of berserk rage {unknown}
 g - 3 potions of flight {unknown}
 i - a potion of cancellation {unknown}
 o - 2 potions of attraction {unknown}
 t - a potion of lignification {unknown}
 u - a potion of degeneration {unknown}
 v - 3 potions of heal wounds {unknown}
 x - a potion of might {unknown}
 z - 2 potions of curing {unknown}
 A - 2 potions of mutation {unknown}


   Skills:
 + Level 2.7 Fighting
 - Level 2.0 Dodging
 - Level 2.0 Stealth
 - Level 2.1 Spellcasting
 + Level 1.3 Conjurations
 - Level 1.1 Transmutations
 - Level 3.0 Earth Magic


You had 6 spell levels left.
You knew the following spells:

 Your Spells              Type           Power      Damage    Failure   Level
a - Sandblast             Erth           26%        2d8       7%          1

Your spell library contained the following spells:

 Spells                   Type           Power      Damage    Failure   Level
 Scorch                   Fire           4%         2d5       34%         2
 Passwall                 Tmut/Erth      7%         N/A       14%         2
 Stone Arrow              Conj/Erth      20%        3d8       28%         3
 Petrify                  Tmut/Erth      9%         N/A       67%         4


Dungeon Overview and Level Annotations

Branches:
Dungeon (4/15)
 Temple: D:4-7

Altars:
Ashenzari
Makhleb
Vehumet


Innate Abilities, Weirdness & Mutations

You regenerate health from kills.


Message History

Press: ? - help, Q - select action, (/) - cycle Shift-Dir - straight line, f/p - iguana
Aim: an iguana (heavily wounded, 61% to hit)
You throw a javelin.
The javelin pierces through the iguana but does no damage.
The iguana is heavily wounded.
The iguana bites you.
You hit the iguana.
The iguana is severely wounded.
The iguana closely misses you. The iguana bites you.
Casting: Sandblast (safe; 7% risk of failure)
Confirm with . or Enter, or press ? or * to list all spells.
Aiming: Sandblast (safe; 7% risk of failure)
Press: ? - help, Shift-Dir - straight line, f/p - iguana
Aim: an iguana (severely wounded, 84% to hit)
The blast of sand hits the iguana but does no damage.
The iguana is severely wounded.
The iguana misses you.
Unknown command.
You barely miss the iguana.
The iguana is severely wounded.
The iguana bites you! The iguana closely misses you.
Magic courses through your body. The iguana closely misses you.
Casting: Sandblast (safe; 7% risk of failure)
Confirm with . or Enter, or press ? or * to list all spells.
Aiming: Sandblast (safe; 7% risk of failure)
Press: ? - help, Shift-Dir - straight line, f/p - iguana
Aim: an iguana (severely wounded, 84% to hit)
The blast of sand hits the iguana but does no damage.
The iguana is severely wounded.
The iguana bites you!
* * * LOW HITPOINT WARNING * * *
Casting: Sandblast (safe; 7% risk of failure)
Confirm with . or Enter, or press ? or * to list all spells.
Aiming: Sandblast (safe; 7% risk of failure)
Press: ? - help, Shift-Dir - straight line, f/p - iguana
Aim: an iguana (severely wounded, 84% to hit)
The blast of sand hits the iguana.
The iguana is severely wounded.
You block the iguana's attack. The iguana bites you.
You die...

...## #.# ....##
#.########### .....##
#.#.........# ......##
#.#.........#
.......###.#.........#
#......#...'......>..#
#......###.#.........#
#......'.#.#.........#
#......'...#....@....#
#......#...#....l....#
#......#........(.......
.......#.....#####..####
......####...# ....
.....## #...# ...##
....## #...# ..# ...##
...+ ..# ..##


You could see an iguana.

Vanquished Creatures
  3 adders (D:2)
  3 worms
  A dart slug (D:3)
  6 ball pythons
  4 bats
  5 endoplasms
  2 giant cockroaches
  3 goblins
  4 hobgoblins
  4 quokkas
  A frilled lizard (D:1)
  6 kobolds
  7 rats
49 creatures vanquished.

Vanquished Creatures (others)
  5 plants (D:2)
5 creatures vanquished.

Grand Total: 54 creatures vanquished

Notes
Turn   | Place    | Note
-------+----------+-------------------------------------------
     0 | D:1      | wingedge the Demonspawn Earth Elementalist began the quest
                  | for the Orb.
     0 | D:1      | Reached XP level 1. HP: 13/13 MP: 3/3
   373 | D:1      | Reached skill level 1 in Transmutations
   863 | D:1      | Gained mutation: You regenerate a little health from kills.
                  | [demonic ancestry]
   863 | D:1      | Reached XP level 2. HP: 19/19 MP: 1/5
  1539 | D:2      | Found a faded altar of an unknown god.
  1555 | D:2      | Prayed at the altar of an unknown god.
  1555 | D:2      | Became a worshipper of Vehumet
  1555 | D:2      | Reached * piety under Vehumet
  1555 | D:2      | Offered knowledge of Foxfire by Vehumet.
  1567 | D:2      | Reached skill level 3 in Earth Magic
  1651 | D:2      | Reached skill level 1 in Fighting
  1847 | D:2      | Gained mutation: You regenerate health from kills. [demonic
                  | ancestry]
  1847 | D:2      | Reached XP level 3. HP: 25/26 MP: 4/6
  2642 | D:3      | Reached XP level 4. HP: 34/34 MP: 5/7
  2715 | D:3      | Found a radiant altar of Vehumet.
  2747 | D:3      | Reached ** piety under Vehumet
  2748 | D:3      | Reached skill level 1 in Conjurations
  2784 | D:3      | Offered knowledge of Scorch by Vehumet.
  2898 | D:3      | Found a broken altar of Ashenzari.
  3135 | D:4      | Found a burning altar of Makhleb.
  3355 | D:4      | Slain by an iguana

Illustrated notes

Levels and vault maps discovered:
D:1:      co_arrival_square_in_a_square_in_a_square, layout_basic,
          minmay_misc_feat_four_crosses, hex_intersection, nrook_uturn
D:2:      layout_loops_corners, hellmonk_ecumenical_altar_pennies_from_heaven,
          serial_bayou_lagoon_a, minmay_octomino_c4
D:3:      layout_rooms, ashenzari_conservatory_becter, vehumet_crystals
D:4:      layout_basic, bloody_trog, dk_xom_monty_hall, elyvilon_altar_4,
          nicolae_kikubaaqudgha_miasma_corner,
          mainiacjoe_overflow_cross_hatched, ebering_ghost_gozag,
          kennysheep_big_empty_room

Skill      XL: |  1  2  3  4 |
---------------+-------------+-----
Transmutations | 1 |  1.1
Stealth        | 2 |  2.0
Dodging        | 2 |  2.0
Earth Magic    | 3 |  3.0
Fighting       | 1 2 |  2.7
Conjurations   | 1 |  1.3
Spellcasting   | |  2.1

Action                   |  1- 3 |  4- 6 || total
-------------------------+-------+-------++-------
Melee: Mace              |    25 |     8 ||    33
Throw: Javelin           |     9 |     3 ||    12
 Cast: Sandblast         |    49 |    34 ||    83
  Use: Potion            |       |     1 ||     1
Armor: Robe              |     5 |     7 ||    12
Dodge: Dodged            |    23 |    27 ||    50
Block: Buckler           |     1 |     3 ||     4
